 Dungeon Crawl Stone Soup version 0.29.0-15-g675c0067aa (webtiles) character file.

Game seed: 10949294269347373593

103 writerjack the Chopper (level 4, -1/39 HPs)
             Began as a Minotaur Berserker on Sept 11, 2022.
             Was a Believer of Trog.
             Succumbed to an adder's poison
             ... on level 4 of the Dungeon.
             The game lasted 00:06:22 (2428 turns).

writerjack the Chopper (Minotaur Berserker)         Turns: 2428, Time: 00:06:22

Health: -1/39      AC:  2    Str: 24    XL:     4   Next: 51%
Magic:  3/3        EV: 12    Int:  4    God:    Trog [**....]
Gold:   84         SH:  0    Dex:  9    Spells: 3/3 levels left

rFire   . . .      SeeInvis .   a - +0 hand axe
rCold   . . .      Faith    .   (no shield)
rNeg    . . .      Spirit   .   b - +0 animal skin
rPois   .          Reflect  .   (helmet restricted)
rElec   .          Harm     .   (no cloak)
rCorr   .          Rampage  .   (no gloves)
Will    .....                   (no boots)
Stlth   +.........              (no amulet)
HPRegen 0.13/turn               (no ring)
MPRegen 0.08/turn               (no ring)

@: lethally poisoned (-1 -> -6)
A: horns 2, retaliatory headbutt
a: Renounce Religion, Berserk, Trog's Hand


You were on level 4 of the Dungeon.
You worshipped Trog.
Trog was pleased with you.
You visited 1 branch of the dungeon, and saw 4 of its levels.

You collected 84 gold pieces.

Inventory:

Hand Weapons
 a - a +0 hand axe (weapon)
 c - a +2 vorpal sling
Armour
 b - a +0 animal skin (worn)
Jewellery
 h - an amulet of magic regeneration
 i - an amulet of regeneration
 q - an amulet of reflection
Scrolls
 f - a scroll of noise {unknown}
 g - 4 scrolls of magic mapping {unknown}
 j - 2 scrolls of blinking {unknown}
 k - a scroll of enchant weapon {unknown}
 l - 3 scrolls of immolation {unknown}
 m - 2 scrolls of teleportation {unknown}
 p - 2 scrolls of torment {unknown}
Potions
 d - a potion of might {unknown}
 e - a potion of attraction {unknown}
 n - a potion of degeneration {unknown}
 o - a potion of heal wounds {unknown}


   Skills:
 - Level 3.6 Fighting
 + Level 6.3 Axes
 - Level 2.4 Armour
 - Level 2.2 Dodging
 - Level 0.6 Stealth


You had 3 spell levels left.
You didn't know any spells.
Your spell library was empty.

Dungeon Overview and Level Annotations

Branches:
Dungeon (4/15)
 Temple: D:4-7

Altars:


Innate Abilities, Weirdness & Mutations

You have a pair of horns on your head.
You reflexively headbutt those who attack you in melee.


Message History

You hit the orc.
The orc is almost dead.
The orc closely misses you.
You barely miss the orc. Your headbutt misses the orc. You punch the orc.
You kill the orc!
Trog accepts your kill.
You barely miss the orc. The orc hits you with a +0 war axe!
You closely miss the orc. Your headbutt misses the orc.
You closely miss the orc. The orc hits you with a +0 club.
You barely miss the orc. You completely miss the orc.
The orc hits you with a +0 war axe!
You barely miss the orc. Your headbutt misses the orc.
You closely miss the orc. You barely miss the orc.
You hit the orc but do no damage. The orc barely misses you.
The orc misses you. The orc barely misses you. The orc closely misses you.
The orc attacks as you move away! The orc hits you with a +0 mace.
* * * LOW HITPOINT WARNING * * *
The orc hits you with a +0 club.
* * * LOW HITPOINT WARNING * * *
The orc hits you with a +0 war axe.
* * * LOW HITPOINT WARNING * * *
The orc attacks as you move away! The orc misses you.
The orc attacks as you move away! The orc barely misses you.
The orc attacks as you move away! The orc barely misses you.
The orc attacks as you move away! The orc barely misses you.
The orc attacks as you move away! The orc hits you but does no damage.
The orc attacks as you move away! The orc hits you with a +0 club.
* * * LOW HITPOINT WARNING * * *
There is a stone staircase leading down here.
The orc closely misses you.
You climb downwards.
The hound bites you.
* * * LOW HITPOINT WARNING * * *
The adder bites you.
* * * LOW HITPOINT WARNING * * *
The hound closely misses you. The adder bites you.
* * * LOW HITPOINT WARNING * * *
You are lethally poisoned!
The adder poisons you!
There is a stone staircase leading up, spattered with blood here.
You die...

........#
........#
.......!#
.....K..#
........#
......oh+
......Sh##
.......@o#
##########


You could see a howler monkey, a hound, an adder, 2 orcs and a kobold
(wandering).

Vanquished Creatures
  4 gnolls (D:3)
  3 worms (D:2)
  A dart slug (D:2)
  An orc (D:3)
  3 bats
  5 endoplasms
  A giant cockroach (D:2)
  6 goblins
  6 hobgoblins
  A quokka (D:1)
  8 ball pythons
  6 frilled lizards
  6 kobolds (D:1)
  2 rats
53 creatures vanquished.

Vanquished Creatures (others)
  A frilled lizard (D:1)
  7 demonic plants (D:2)
  6 fungi (D:2)
  9 plants (D:2)
  A withered plant (D:2)
24 creatures vanquished.

Grand Total: 77 creatures vanquished

Notes
Turn   | Place    | Note
-------+----------+-------------------------------------------
     0 | D:1      | writerjack the Minotaur Berserker began the quest for the
                  | Orb.
     0 | D:1      | Reached XP level 1. HP: 19/19 MP: 0/0
    63 | D:1      | Reached skill level 4 in Axes
   282 | D:1      | You fall into a shaft and drop 1 floor!
   302 | D:2      | Reached XP level 2. HP: 26/26 MP: 1/1
   529 | D:1      | Reached ** piety under Trog
   868 | D:1      | Reached skill level 5 in Axes
   868 | D:1      | Reached XP level 3. HP: 25/31 MP: 2/2
  1980 | D:2      | Found a faded altar of an unknown god.
  2133 | D:3      | Reached XP level 4. HP: 34/39 MP: 3/3
  2135 | D:3      | Reached skill level 6 in Axes
  2427 | D:4      | HP: 1/39 [adder (1)]
  2428 | D:4      | Succumbed to an adder's poison

Illustrated notes

Levels and vault maps discovered:
D:1:      dpeg_arrival_morbid_curiosity, layout_basic
D:2:      layout_basic, shapermc_ecumenical_altar_gd
D:3:      layout_rooms, nicolae_overflow_hidden_temple, zin_treasury
D:4:      kennysheep_kobold_camp, layout_basic,
          nicolae_qazlal_style_of_elements, serial_shops, nicolae_lakefront_shop

Skill      XL: |  1  2  3  4 |
---------------+-------------+-----
Axes           | 4 5 6 |  6.3
Fighting       | |  3.6
Armour         | |  2.4
Dodging        | |  2.2
Stealth        | |  0.6

Action                   |  1- 3 |  4- 6 || total
-------------------------+-------+-------++-------
Melee: Hand axe          |    76 |    15 ||    91
       Headbutt          |    13 |     4 ||    17
       Punch             |     1 |     1 ||     2
Armor: Animal skin       |    18 |     1 ||    19
Dodge: Dodged            |    46 |    19 ||    65
